[Event "*** Titled Tuesday Blitz"]
[Site "Chess.com"]
[Date "2020.05.19"]
[Round "2"]
[White "Azoulas1"]
[Black "czasnaszachy"]
[Result "1-0"]
[WhiteElo "1962"]
[BlackElo "2346"]
[TimeControl "180+1"]
[EndTime "12:18:12 PDT"]
[Termination "Azoulas1 won on time"]

1. e4 c5 2. Nf3 d6 3. d4 cxd4 4. Nxd4 Nf6 5. Nc3 a6 6. Bg5 e6 7. f4 h6 8. Bxf6 Qxf6 9. Qd2 Nc6 10. Nxc6 bxc6 11. O-O-O d5 12. g4 g5 13. f5 Bb4 14.
Bd3 d4 15. e5 Qxe5 16. Qg2 Rb8 17. Ne4 O-O 18. h4 Bc3 19. b3 Qa5 20. Nxc3 dxc3 21. Rdg1 Qb4 22. hxg5 Qf4+ 23. Kd1 c5 24. Rxh6 Bb7 25.
Qh2 Bf3+ 26. Ke1 Qe3+ 27. Kf1 Qc1+ 28. Kf2 1-0

[Event "*** Titled Tuesday Blitz"]
[Site "Chess.com"]
[Date "2020.05.19"]
[Round "2"]
[White "ManuDavid2910"]
[Black "enriquetejedor"]
[Result "1-0"]
[WhiteElo "2692"]
[BlackElo "2468"]
[TimeControl "180+1"]
[EndTime "12:18:13 PDT"]
[Termination "ManuDavid2910 won by checkmate"]

1. e4 e6 2. Nf3 d5 3. Nc3 Nf6 4. e5 Nfd7 5. d4 c5 6. dxc5 Nc6 7. Bf4 Bxc5 8. Bd3 f6 9. Nh4 O-O 10. Qh5 f5 11. Nf3 Qe8 12. Qh3 Nb4 13. O-O-O Nxd3+ 14. Rxd3 Bxf2 15. Rd2 Bc5 16. Nb5 Bb4 17. Rd4 Ba5 18.
Nd6 Qg6 19. c4 Qg4 20. cxd5 Qxh3 21. gxh3 Bb6 22. dxe6 Nxe5 23. Bxe5 Bxe6 24. Rdd1 Bxa2 25. Bc3 Bb3 26. Rde1 Rfd8 27. Nxf5 Rd3 28. Ne5 Rxh3 29.
Nd7 Rd8 30. Re7 Bf7 31. Nxb6 axb6 32. Rg1 g6 33. Rxb7 Rxh2 34. Ne7+ Kf8 35. Rf1 Ke8 36. Nc6 Re2 37. Nxd8 Bc4 38. Rd1 Rf2 39. Nc6 Bb3 40.
Re7+ Kf8 41. Rd8# 1-0

[Event "*** Titled Tuesday Blitz"]
[Site "Chess.com"]
[Date "2020.05.19"]
[Round "2"]
[White "ZverevLev"]
[Black "grzechu96"]
[Result "1-0"]
[WhiteElo "2171"]
[BlackElo "2577"]
[TimeControl "180+1"]
[EndTime "12:18:14 PDT"]
[Termination "ZverevLev won by resignation"]

1. e4 e5 2. Nf3 Nc6 3. Bb5 a6 4. Ba4 Nf6 5. O-O Be7 6. d3 b5 7. Bb3 d6 8. c3 O-O 9. Nbd2 Na5 10. Bc2 c5 11. Re1 Nc6 12. Nf1 Re8 13. Ng3 h6 14. h3 Bf8 15. d4 cxd4 16. cxd4 exd4 17. Nxd4 Bb7 18. a3 d5 19. Nxc6 Bxc6 20. e5 Ne4 21. Bf4 Qh4 22. Qg4 Qxg4 23. hxg4 Nc5 24. Rac1 Ne6 25. Bd2 Rac8 26. Nf5 Red8 27. Bb3 Ba8 28. Be3 Rxc1 29. Rxc1 d4 30. Bd2 Nc5 31. Ba2 Nd3 32. Rc7 Nxe5 33. Bf4 Bd5 34. Bxd5 Rxd5 35. Rc8 Ng6 36. Bd6 d3 37. Bxf8 Nxf8 38. Ne7+ Kh7 39. Nxd5 d2 40. Ne3 1-0

[Event "*** Titled Tuesday Blitz"]
[Site "Chess.com"]
[Date "2020.05.19"]
[Round "2"]
[White "doons21"]
[Black "vladislavkovalev"]
[Result "0-1"]
[WhiteElo "2553"]
[BlackElo "2907"]
[TimeControl "180+1"]
[EndTime "12:18:15 PDT"]
[Termination "vladislavkovalev won by resignation"]

1. e4 e5 2. Nf3 Nc6 3. Nc3 Nf6 4. g3 Bc5 5. Bg2 d6 6. d3 a6 7. h3 Ba7 8. O-O h6 9. Be3 Bxe3 10. fxe3 Ne7 11. Nh4 Ng6 12. Nf5 O-O 13. Qf3 Kh7 14. d4 Re8 15. Rad1 Be6 16. a4 Rb8 17. g4 b5 18.
axb5 axb5 19. b4 Ra8 20. Rd2 Bc4 21. Re1 Ra3 22. Nb1 Ra1 23. Rdd1 Qd7 24. Nd2 Ra2 25.
Nxc4 bxc4 26. Rd2 c3 27. Rf2 exd4 28. Nxg7 dxe3 29. Rxe3 Kxg7 30. Qxf6+ Kg8 31. Rxc3 Qe7 32. Qxe7 Rxe7 33. Rf5 Ne5 34. Bf1 Ra1 35. Kf2 c6 36.
Bd3 Rb1 37. Rf6 Re6 38. Rxe6 fxe6 39. b5 cxb5 40. Rc7 b4 41. Ke3 Rh1 42. Re7 Rxh3+ 43.
Ke2 b3 44. c3 Rxd3 0-1

[Event "*** Titled Tuesday Blitz"]
[Site "Chess.com"]
[Date "2020.05.19"]
[Round "2"]
[White "Camels1981"]
[Black "Korchmar_Vasiliy"]
[Result "1-0"]
[WhiteElo "2340"]
[BlackElo "2612"]
[TimeControl "180+1"]
[EndTime "12:18:15 PDT"]
[Termination "Camels1981 won on time"]

1. e4 c5 2. Nf3 d6 3. d4 cxd4 4.
Nxd4 Nf6 5. Nc3 Nc6 6. Bg5 e6 7. Qd2 a6 8. O-O-O h6 9. Be3 Be7 10. h3 Nxd4 11. Bxd4 b5 12. g4 b4 13. Na4 Nxe4 14.
Qe3 d5 15. Bxg7 Rg8 16. Bd4 Rb8 17. Be5 Bd7 18. Bd3 Bxa4 19. Bxe4 Rc8 20. Bh7 Rf8 21. Kb1 Qa5 22. Qxh6 f6 23. Bd4 Rh8 24. Rhe1 Rxh7 25. Qg6+ Rf7 26. b3 Bd7 27. Bb2 e5 28. g5 Qb6 29.
Qg8+ Rf8 30. Qg6+ Kd8 31. gxf6 1-0

[Event "*** Titled Tuesday Blitz"]
[Site "Chess.com"]
[Date "2020.05.19"]
[Round "2"]
[White "TV27"]
[Black "Gerodot71"]
[Result "0-1"]
[WhiteElo "2100"]
[BlackElo "2409"]
[TimeControl "180+1"]
[EndTime "12:18:15 PDT"]
[Termination "Gerodot71 won on time"]

1. e4 e5 2. Nf3 Nc6 3. d4 exd4 4. Nxd4 Bc5 5. Nxc6 bxc6 6. Qh5 Bb6 7. Bc4 Qf6 8. O-O Ne7 9. Nc3 Qg6 10. Qe2 d6 11. Kh1 O-O 12. Bd3 Kh8 13. Be3 f5 14. Bxb6 axb6 15.
f3 Qf6 16. Bc4 Bd7 17. Rad1 Rae8 18. e5 Qh6 19. e6 Bc8 20. Rfe1 Ng6 21. Qd2 Qxd2 22.
Rxd2 Ne5 23. Bb3 f4 24. Ne4 h6 25. Nxd6 cxd6 26. Rxd6 Rf5 27. Re4 g5 28. h3 Kg7 29.
c3 Re7 30. Bc2 Rxe6 31. Rxe6 Bxe6 32. Rd4 Rf7 33. Rd6 Rf6 34. Rd8 Bf7 35. Rb8 b5 36.
Rb7 Rd6 37. Bb3 Rd7 38. Rxd7 Nxd7 39. Bxf7 Kxf7 40. Kg1 Ke6 41. Kf2 Nc5 42. Ke2 Na4 43. b3 Nxc3+ 44. Kd3 Nxa2 45. Kd4 Kd6 46. Ke4 c5 47.
Kf5 c4 48. bxc4 bxc4 49. Kg6 c3 50. Kh5 c2 51. h4 gxh4 52. Kg4 c1=Q 53. Kh3 Qe1 54.
Kg4 Ke5 55. Kh5 Qg3 56. Kxh6 Kf6 0-1

[Event "*** Titled Tuesday Blitz"]
[Site "Chess.com"]
[Date "2020.05.19"]
[Round "2"]
[White "Zkid"]
[Black "x-3738459472"]
[Result "1-0"]
[WhiteElo "2809"]
[BlackElo "2516"]
[TimeControl "180+1"]
[EndTime "12:18:16 PDT"]
[Termination "Zkid won by resignation"]

1. c4 Nf6 2. g3 e5 3. Bg2 h6 4.
Nf3 e4 5. Nd4 d5 6. cxd5 Qxd5 7.
Nc2 Qh5 8. h3 Bc5 9. Nc3 O-O 10.
Nxe4 Nxe4 11. Bxe4 Re8 12. d3 Nc6 13. Be3 Bd6 14.
Qd2 Be6 15. Bf3 Qg6 16. h4 Rad8 17. O-O Ne5 18. Bg2 c5 19. Bf4 b6 20. Qc3 Bg4 21.
Rfe1 Bb8 22. Ne3 Bc8 23. a4 Ng4 24. Bxb8 Nxe3 25. fxe3 Rxe3 26. Kf2 Ree8 27. Bf4 Bg4 28. Bf3 Re6 29. Bxg4 Qxg4 30. Qd2 Rde8 31. e4 Rf6 32.
Kg2 g5 33. hxg5 hxg5 34. Bxg5 Qf3+ 35. Kh2 Re5 36. Bxf6 Rh5+ 37. Bh4 f5 38. Rf1 Qg4 39. Rxf5 Rxh4+ 40. gxh4 Qxh4+ 41. Kg1 Qg4+ 42. Qg2 1-0

[Event "*** Titled Tuesday Blitz"]
[Site "Chess.com"]
[Date "2020.05.19"]
[Round "2"]
[White "Harry_Rakkel"]
[Black "Pavel_Mir"]
[Result "0-1"]
[WhiteElo "2579"]
[BlackElo "2192"]
[TimeControl "180+1"]
[EndTime "12:18:16 PDT"]
[Termination "Pavel_Mir won by checkmate"]

1. e4 e5 2. Nf3 Nc6 3. Bc4 Bc5 4. d3 Nf6 5. c3 d6 6. b4 Bb6 7. O-O O-O 8. Nbd2 a5 9. b5 Ne7 10. Bb3 Ng6 11. Nc4 Bc5 12. Re1 Bg4 13. h3 Bxf3 14. Qxf3 a4 15. Bc2 Qd7 16. Rb1 Rfe8 17. Bg5 Qe6 18.
Bxf6 Qxf6 19. Qxf6 gxf6 20. Rbd1 Nf4 21. h4 d5 22. Ne3 dxe4 23. dxe4 Bxe3 24. Rxe3 Kf8 25. g3 Ne6 26. Red3 Nc5 27. Rd5 b6 28. Kg2 Ke7 29. Kf3 Rg8 30. a3 Ra5 31. c4 Raa8 32. Ke3 Rgd8 33.
Kf3 Rd6 34. Kg4 Ne6 35. Rxd6 cxd6 36. Kh5 Rg8 37. Rb1 Rg6 38. Bxa4 Ng7# 0-1

[Event "*** Titled Tuesday Blitz"]
[Site "Chess.com"]
[Date "2020.05.19"]
[Round "2"]
[White "RobertoJBM"]
[Black "Hydrargyrum_Girl"]
[Result "1-0"]
[WhiteElo "2644"]
[BlackElo "2319"]
[TimeControl "180+1"]
[EndTime "12:18:16 PDT"]
[Termination "RobertoJBM won by resignation"]

1. d4 Nf6 2. c4 g6 3. Nc3 Bg7 4. e4 d6 5. f3 e5 6. d5 Nfd7 7. Be3 Bh6 8. Qd2 Bxe3 9. Qxe3 a5 10. g3 Na6 11. h4 h5 12. Nh3 Ndc5 13. Nf2 Bd7 14. O-O-O a4 15. Kb1 a3 16. b3 Nb4 17.
Rd2 c6 18. dxc6 Bxc6 19. Bh3 O-O 20. Rhd1 Qa5 21. g4 hxg4 22. Nxg4 b5 23. Qh6 Nd7 24.
Rxd6 Qd8 25. Rxd7 Bxd7 26. Rxd7 Qb6 27. c5 Qe6 28. Rd6 Qe7 29. Nf6+ Qxf6 30. Rxf6 Rad8 31. Rxg6+ fxg6 32. Be6+ Rf7 33. Qxg6+ 1-0

[Event "*** Titled Tuesday Blitz"]
[Site "Chess.com"]
[Date "2020.05.19"]
[Round "2"]
[White "DenisQ"]
[Black "Torrentec"]
[Result "1-0"]
[WhiteElo "2556"]
[BlackElo "2298"]
[TimeControl "180+1"]
[EndTime "12:18:16 PDT"]
[Termination "DenisQ won by resignation"]

1. Nf3 d5 2. c4 c6 3. cxd5 cxd5 4. d4 Nf6 5. Nc3 Nc6 6. Bf4 a6 7. Rc1 e6 8. e3 Be7 9. h3 Bd7 10. Bd3 b5 11. O-O Rc8 12. a4 b4 13. Nb1 Qa5 14. Qe2 Ra8 15. Nbd2 O-O 16. Nb3 Qb6 17. a5 Qb7 18. Ne5 Nxe5 19. Bxe5 Rfc8 20. Rxc8+ Bxc8 21. Rc1 Ne8 22. Nc5 Bxc5 23. Rxc5 Bd7 24. h4 f6 25. Bg3 b3 26. Qd2 Rb8 27. Bxb8 Qxb8 28. Bxa6 Qa7 29. Bd3 Nd6 30. Qb4 Kf7 31. Qb6 Qxb6 32. axb6 Ke7 33. Ba6 Nc4 34. b7 1-0

[Event "*** Titled Tuesday Blitz"]
[Site "Chess.com"]
[Date "2020.05.19"]
[Round "2"]
[White "chessablanca"]
[Black "TheBigBadChessDad"]
[Result "1-0"]
[WhiteElo "2463"]
[BlackElo "2260"]
[TimeControl "180+1"]
[EndTime "12:18:16 PDT"]
[Termination "chessablanca won on time"]

1. g3 d5 2. Bg2 c6 3. Nf3 Nf6 4.
O-O g6 5. d4 Bg7 6. b3 Bf5 7.
Bb2 Ne4 8. Nbd2 Nd7 9. h3 Nxd2 10. Qxd2 Nf6 11. Ne5 Ne4 12. Qe3 Nd6 13. g4 Bc8 14. c4 e6 15. cxd5 cxd5 16. Bxd5 h5 17. Bg2 hxg4 18. hxg4 Qh4 19. Rfd1 Qh2+ 20. Kf1 Bh6 21.
Qd3 Ke7 22. Nf3 Qf4 23. d5 Rd8 24. Bc1 Qxg4 25. Bxh6 Nf5 26. Bd2 Rxd5 27. Qc4 Qh5 28. Bb4+ Ke8 29. Rxd5 exd5 30. Qxd5 Ng3+ 31. fxg3 Qxd5 32.
Bc3 Bg4 33. Nd4 Qe5 34. Bxb7 Qxg3 35. Bc6+ 1-0

[Event "*** Titled Tuesday Blitz"]
[Site "Chess.com"]
[Date "2020.05.19"]
[Round "2"]
[White "pastouche06"]
[Black "politeplayer"]
[Result "1-0"]
[WhiteElo "2445"]
[BlackElo "2205"]
[TimeControl "180+1"]
[EndTime "12:18:16 PDT"]
[Termination "pastouche06 won by resignation"]

1. d4 d5 2. c4 e6 3. Nc3 Bb4 4. e3 Nf6 5. a3 Bxc3+ 6. bxc3 c6 7.
a4 O-O 8. Ba3 Re8 9. Nf3 Qa5 10.
Bb4 Qc7 11. Bd3 dxc4 12. Bxc4 Nd5 13. Qd3 Nxb4 14. cxb4 Nd7 15. O-O e5 16. Ng5 e4 17.
Bxf7+ Kh8 18. Nxe4 Rf8 19. Bb3 Nf6 20. Ng5 h6 21.
Ne6 Bxe6 22. Bxe6 Rae8 23. Bf5 Nd5 24. Rab1 Qd6 25. b5 Nb4 26. Qc4 Rxf5 27. Qxb4 Qg6 28. bxc6 bxc6 29. Qc4 Rg5 30. g3 Qe4 31. Rfc1 Re6 32.
Qc2 Qf3 33. Rb8+ 1-0

[Event "*** Titled Tuesday Blitz"]
[Site "Chess.com"]
[Date "2020.05.19"]
[Round "2"]
[White "kleinebeer98"]
[Black "CroissantNeuf"]
[Result "1-0"]
[WhiteElo "2686"]
[BlackElo "2369"]
[TimeControl "180+1"]
[EndTime "12:18:17 PDT"]
[Termination "kleinebeer98 won on time"]

1. e4 c6 2. d4 d5 3. f3 e6 4. Nc3 Bb4 5. Bd3 dxe4 6. fxe4 Qxd4 7. Bd2 Nf6 8. Nf3 Qd8 9. Qe2 Nbd7 10. O-O-O Nc5 11. Bc4 Qe7 12. Kb1 b5 13. e5 Bxc3 14.
exf6 Bxf6 15. Bd3 Nxd3 16. Qxd3 O-O 17. Bc3 Bxc3 18. Qxc3 c5 19. Ne5 b4 20. Qg3 f6 21.
Nc6 Qe8 22. Qd6 Bb7 23. Ne7+ Kh8 24. Qxe6 Rf7 25. Rhe1 Qf8 26. g4 Bf3 27. Rd7 Re8 28. Ng6+ hxg6 29. Qxe8 1-0

[Event "*** Titled Tuesday Blitz"]
[Site "Chess.com"]
[Date "2020.05.19"]
[Round "2"]
[White "m_ezat"]
[Black "spectralsoul"]
[Result "1/2-1/2"]
[WhiteElo "2550"]
[BlackElo "2863"]
[TimeControl "180+1"]
[EndTime "12:18:18 PDT"]
[Termination "Game drawn by repetition"]

1. d4 g6 2. c4 Bg7 3. e4 d6 4. Nc3 Nf6 5. Be2 O-O 6. Bg5 h6 7. Be3 c6 8. Qd2 Kh7 9. h4 h5 10. f3 a6 11. Nh3 Bxh3 12. Rxh3 b5 13. a3 Nbd7 14. g4 bxc4 15. Bxc4 d5 16. exd5 Nb6 17. Ba2 cxd5 18. Bg5 Qd7 19. Rh1 Rac8 20. Bxf6 exf6 21. gxh5 Rfe8+ 22. Kf2 Bh6 23. Qd3 Re3 24. hxg6+ fxg6 25. Qc2 Qf5 26. Qxf5 gxf5 27. Rhe1 f4 28. Rg1 f5 29. h5 Bg7 30. Rad1 Nc4 31. Nxd5 Nxb2 32. Nxe3 fxe3+ 33. Kxe3 Rc3+ 34. Kf4 Nxd1 35. Rxd1 Bh6+ 36. Kxf5 Rxf3+ 37. Ke6 Re3+ 38. Kf5 Rf3+ 39. Ke6 Re3+ 40. Kf5 Rf3+ 1/2-1/2

[Event "*** Titled Tuesday Blitz"]
[Site "Chess.com"]
[Date "2020.05.19"]
[Round "2"]
[White "PawnEatingZombie"]
[Black "Godzillator"]
[Result "0-1"]
[WhiteElo "2246"]
[BlackElo "2459"]
[TimeControl "180+1"]
[EndTime "12:18:18 PDT"]
[Termination "Godzillator won on time"]

1. d4 d5 2. c4 c6 3. Nc3 Nf6 4. e3 a6 5. Qc2 Bg4 6. Nge2 e6 7. h3 Bh5 8. Nf4 Bg6 9. Nxg6 hxg6 10. Be2 b5 11. b3 Bd6 12. O-O Nbd7 13. e4 Bc7 14. e5 Ng8 15. cxd5 cxd5 16. Be3 Ne7 17. a4 b4 18. Na2 a5 19. Nc1 Nf5 20. Bb5 O-O 21. Nd3 Bb6 22. Qc6 Ra7 23. Nc5 Bxc5 24. dxc5 Nxe3 25.
fxe3 Nxe5 26. Qb6 Qxb6 27. cxb6 Rb7 28. Rac1 Rxb6 29. Rc7 f6 30. Rfc1 Rd6 31. Ra7 g5 32. Rxa5 g4 33. hxg4 Nxg4 34. Rc7 Ne5 35. Raa7 Rf7 36.
a5 d4 37. exd4 Rxd4 38. Rxf7 Nxf7 39. a6 Rd1+ 40. Kh2 Ra1 41. Ra8+ Kh7 42. a7 Ne5 43.
Be8 Kh6 0-1

[Event "*** Titled Tuesday Blitz"]
[Site "Chess.com"]
[Date "2020.05.19"]
[Round "2"]
[White "MrTattaglia"]
[Black "wild_cat99"]
[Result "1-0"]
[WhiteElo "3025"]
[BlackElo "2577"]
[TimeControl "180+1"]
[EndTime "12:18:21 PDT"]
[Termination "MrTattaglia won by resignation"]

1. Nf3 Nf6 2. c4 g6 3. Nc3 d5 4. cxd5 Nxd5 5. h4 Nxc3 6. bxc3 h5 7. g3 Bg7 8. Bg2 c5 9. Rb1 Nc6 10. Qa4 O-O 11. O-O Qc7 12. Qa3 b6 13. d4 Bf5 14. Bf4 e5 15. Nxe5 Nxe5 16. dxe5 Bxb1 17. e6 Be5 18. exf7+ Rxf7 19. Bxe5 Qxe5 20. Bxa8 Be4 21.
Bxe4 Qxe4 22. e3 Rf3 23. Qxa7 g5 24. Qxb6 gxh4 25. Qd8+ Kf7 26. Qxh4 Qg6 27. Kg2 Rf6 28. e4 Qg4 29. Qxg4 hxg4 30. f4 Ra6 31. Rf2 Ra4 32. e5 Re4 33. Rc2 Re1 34. Kf2 Rh1 35.
Re2 Ke6 36. Kg2 Ra1 37. f5+ Kxf5 38. e6 Rb1 39. e7 1-0

[Event "*** Titled Tuesday Blitz"]
[Site "Chess.com"]
[Date "2020.05.19"]
[Round "2"]
[White "ClassyEl"]
[Black "kuban1991"]
[Result "0-1"]
[WhiteElo "2489"]
[BlackElo "2734"]
[TimeControl "180+1"]
[EndTime "12:18:21 PDT"]
[Termination "kuban1991 won by resignation"]

1. d4 g6 2. e4 Bg7 3. c3 d5 4. e5 c5 5. Be3 Nc6 6. f4 cxd4 7. cxd4 Nh6 8. Nf3 O-O 9. Nc3 Bg4 10. Be2 Nf5 11. Bf2 Bh6 12. g3 Bh3 13. Bf1 Bxf1 14. Kxf1 e6 15. Kg2 f6 16. Qb3 Na5 17. Qb5 a6 18. Qe2 Rc8 19. Rhe1 fxe5 20. Nxe5 Bg7 21. Rac1 b5 22. Nf3 Re8 23. a4 b4 24. Na2 Rxc1 25. Rxc1 Qb6 26. Qd2 b3 27. Nb4 Nc4 28. Qc3 a5 29.
Nd3 h6 30. Nc5 Kh7 31. Re1 Qxc5 32. dxc5 Bxc3 33. bxc3 b2 34. Rb1 Rb8 35. c6 Ne7 36. c7 Rb7 37. Bc5 Rxc7 38. Bxe7 Rxe7 39. Ne1 Rb7 40.
Nd3 Rb3 41. Kf2 Rxc3 42. Ke2 Ra3 43. Kd1 Rxd3+ 0-1

[Event "*** Titled Tuesday Blitz"]
[Site "Chess.com"]
[Date "2020.05.19"]
[Round "2"]
[White "Susal_De_Silva"]
[Black "PavelShkapenko"]
[Result "1/2-1/2"]
[WhiteElo "2372"]
[BlackElo "2673"]
[TimeControl "180+1"]
[EndTime "12:18:21 PDT"]
[Termination "Game drawn by repetition"]

1. e4 c5 2. Nf3 e6 3. d4 cxd4 4.
Nxd4 Nf6 5. Nc3 Nc6 6. Be2 Bb4 7. Nxc6 bxc6 8. Qd3 O-O 9. O-O d5 10. Bg5 Be7 11.
Rad1 a5 12. e5 Nd7 13. Bxe7 Qxe7 14. f4 Ba6 15. Qf3 Bxe2 16. Nxe2 c5 17. Ng3 g6 18. c4 d4 19. Ne4 Rfb8 20. Rd2 a4 21. g4 Ra6 22. g5 Rab6 23. Rff2 Rb4 24. Rc2 Qd8 25. h4 Qb6 26. h5 Kf8 27. hxg6 hxg6 28. Nf6 Ke7 29. Rh2 Qb7 30. Qe2 Nxf6 31. exf6+ Kd6 32. Qe5+ Kc6 33. Rh7 Rxb2 34. Qe4+ Kd6 35. Qe5+ Kc6 36. Qe4+ Kd6 37. Qe5+ Kc6 1/2-1/2

[Event "*** Titled Tuesday Blitz"]
[Site "Chess.com"]
[Date "2020.05.19"]
[Round "2"]
[White "SchmakAttack"]
[Black "DonBroca"]
[Result "1-0"]
[WhiteElo "2427"]
[BlackElo "2189"]
[TimeControl "180+1"]
[EndTime "12:18:21 PDT"]
[Termination "SchmakAttack won on time"]

1. e4 c5 2. Nf3 d6 3. d4 cxd4 4. Nxd4 Nf6 5. Nc3 g6 6. Be3 Bg7 7. f3 Nc6 8. Qd2 O-O 9. Bc4 Bd7 10. O-O-O Rc8 11. Bb3 Ne5 12. g4 b5 13. Bh6 Bxh6 14. Qxh6 Rxc3 15. bxc3 Qc7 16. Kb2 Rc8 17. Qe3 a5 18. a3 a4 19. Ba2 Qc5 20. Rhe1 Rb8 21. h3 Be6 22. Nxe6 Nc4+ 23. Bxc4 bxc4+ 24. Ka2 Qxe3 25.
Rxe3 fxe6 26. Rb1 Rc8 27. Rb4 d5 28. Rxa4 Rc7 29. Ra6 Kf7 30. Ra5 Nd7 31. exd5 exd5 32.
Rxd5 Nf6 33. Rd4 h6 34. h4 g5 35. hxg5 hxg5 36. Re5 Kg6 37. a4 1-0

[Event "*** Titled Tuesday Blitz"]
[Site "Chess.com"]
[Date "2020.05.19"]
[Round "2"]
[White "Savva09022009"]
[Black "mrkvoz"]
[Result "0-1"]
[WhiteElo "2418"]
[BlackElo "2818"]
[TimeControl "180+1"]
[EndTime "12:18:23 PDT"]
[Termination "mrkvoz won on time"]

1. d4 d6 2. c4 e5 3. dxe5 dxe5 4. Qxd8+ Kxd8 5. Nc3 Be6 6. e3 Nd7 7. Nf3 f6 8. Be2 c6 9. O-O a5 10. b3 Kc7 11. Bb2 Nh6 12. Rad1 Nc5 13. Nd2 Nf7 14. Nde4 Nxe4 15. Nxe4 a4 16. Nc3 axb3 17. axb3 Ba3 18.
Bxa3 Rxa3 19. Rb1 Rd8 20. Rfd1 Rxd1+ 21. Bxd1 Bxc4 22. Rc1 Bd3 23. Bg4 f5 24. Bxf5 Ba6 25. Bxh7 Nd6 26. Bg8 b5 27. h4 Kb6 28. Rd1 Kc7 29. Rc1 Kb6 30. g4 Bc8 31. g5 Bf5 32. h5 Ra8 33. e4 Nxe4 34. Nxe4 Bxe4 35. Be6 Bf3 36. Bf7 Rf8 37. Bg6 b4 38. Rd1 Bd5 39. Rd3 Kc5 40. h6 gxh6 41. gxh6 e4 42. Rg3 Kd4 43. h7 Ke5 44. Rh3 Rh8 45. Rh6 Kf4 46. Rh5 Bxb3 47. Rc5 Bd5 48. Rc2 Kg5 0-1

[Event "*** Titled Tuesday Blitz"]
[Site "Chess.com"]
[Date "2020.05.19"]
[Round "2"]
[White "D0wnpour"]
[Black "Parkas"]
[Result "1-0"]
[WhiteElo "2568"]
[BlackElo "2299"]
[TimeControl "180+1"]
[EndTime "12:18:23 PDT"]
[Termination "D0wnpour won on time"]

1. d4 Nf6 2. c4 e6 3. Nc3 Bb4 4. Qc2 c5 5. dxc5 Na6 6. a3 Bxc3+ 7. Qxc3 Nxc5 8. b4 Nce4 9. Qc2 d5 10. f3 Nd6 11. c5 Nf5 12. e3 e5 13. Bd3 e4 14.
fxe4 Nxe4 15. Bxe4 Qh4+ 16. g3 Qxe4 17. Qxe4+ dxe4 18. Ne2 Be6 19. Nc3 O-O-O 20. Kf2 h5 21. Re1 h4 22. g4 Nh6 23. h3 f5 24. gxf5 Bxf5 25. Nb5 Bxh3 26. Nd6+ Kb8 27. Bb2 Rhf8+ 28. Kg1 Nf5 29. Be5 Ka8 30. Nb5 Rd2 31. Nc7+ Kb8 32. Ne6+ Kc8 33. Nxf8 Rg2+ 34. Kh1 Rf2 35. Rad1 1-0

[Event "*** Titled Tuesday Blitz"]
[Site "Chess.com"]
[Date "2020.05.19"]
[Round "2"]
[White "MFBerna"]
[Black "StegariuVlad"]
[Result "1-0"]
[WhiteElo "2321"]
[BlackElo "2569"]
[TimeControl "180+1"]
[EndTime "12:18:24 PDT"]
[Termination "MFBerna won by resignation"]

1. e4 e5 2. Nf3 Nc6 3. Bc4 Bc5 4. O-O Nf6 5. d3 a6 6. c3 Ba7 7. Bb3 d6 8. Re1 O-O 9. Nbd2 Nh5 10. Nf1 Qf6 11.
h3 Nf4 12. Bxf4 Qxf4 13. Qd2 Qxd2 14. N1xd2 Bd7 15. Re2 g6 16. Nf1 Kg7 17. Ne3 f5 18. Nd5 Rac8 19. exf5 Bxf5 20. Ne1 Na5 21. Bc2 Nc6 22.
Bb3 Rfe8 23. Ne3 Bd7 24. Nf3 Rf8 25. Nd2 Rf4 26. Rf1 Ne7 27. g3 Rf6 28. Ne4 Rff8 29. Nd5 Nf5 30. Kg2 c6 31. Ne3 Nxe3+ 32. fxe3 Bxh3+ 33.
Kxh3 Rxf1 34. Nxd6 Rc7 35. Ne8+ Kf8 36. Nxc7 Ke7 37. d4 c5 38. dxe5 Bb8 39. Nd5+ Kd7 40. e6+ Kd6 41. e7 Kd7 42. Rd2 Bd6 43. Nb6+ Kxe7 44.
Nc8+ Kd7 45. Nxd6 Kc6 46. Ne4 Kb6 47. Bd5 Re1 48. Nf6 Rxe3 49. Nxh7 Re5 50. Nf8 g5 51. Nd7+ 1-0

[Event "*** Titled Tuesday Blitz"]
[Site "Chess.com"]
[Date "2020.05.19"]
[Round "2"]
[White "garicradomir"]
[Black "Chessmatus"]
[Result "0-1"]
[WhiteElo "2277"]
[BlackElo "2494"]
[TimeControl "180+1"]
[EndTime "12:18:24 PDT"]
[Termination "Chessmatus won by resignation"]

1. e4 e5 2. Nf3 Nc6 3. Nc3 Nf6 4.
Bb5 Bd6 5. d3 O-O 6. a3 Re8 7.
g4 a6 8. Bc4 Bc5 9. g5 Nh5 10.
Be3 Bxe3 11. fxe3 d6 12. Rg1 g6 13. Qd2 b5 14. Bd5 Bd7 15. Qf2 Rf8 16. Ne2 Rb8 17.
Ng3 Ng7 18. Nh4 Ne7 19. Ba2 Be6 20. Bb3 c5 21. Bxe6 fxe6 22. Qe2 Qa5+ 23. c3 b4 24. Qc2 bxc3 25. bxc3 d5 26. Kd2 d4 27. Ne2 dxe3+ 28. Kxe3 c4 29. Qa2 Qc5+ 30. d4 exd4+ 31. cxd4 Qc7 32.
Rg2 Rb3+ 33. Kd2 Rfb8 34. Ke1 Rb2 35. Nc3 Rxa2 36. Raxa2 Qf4 37. Rac2 Rb3 38. Ne2 Qxh4+ 0-1

[Event "*** Titled Tuesday Blitz"]
[Site "Chess.com"]
[Date "2020.05.19"]
[Round "2"]
[White "pichonazo"]
[Black "bakki78"]
[Result "0-1"]
[WhiteElo "2500"]
[BlackElo "2748"]
[TimeControl "180+1"]
[EndTime "12:18:25 PDT"]
[Termination "bakki78 won by resignation"]

1. e4 c5 2. c3 Nf6 3. e5 Nd5 4. Nf3 Nc6 5. Bc4 Nb6 6. Bb3 c4 7. Bc2 Qc7 8. Qe2 g5 9. h3 Bg7 10. O-O Nxe5 11. Nxg5 d5 12. Re1 h6 13. Nf3 Nxf3+ 14.
Qxf3 e5 15. d3 cxd3 16. Bxd3 Be6 17. Bf5 h5 18. Bxe6 fxe6 19. Nd2 e4 20. Qe2 O-O-O 21. Nb3 Nc4 22. Bg5 Rdg8 23. Bh4 Be5 24. Nd4 Qf7 25.
Kh1 Qf4 26. g3 Qf7 27. Rf1 Kb8 28. f4 Bxd4 29. cxd4 Nd6 30. Rac1 Nf5 31. Qf2 Nxh4 32. gxh4 Qf5 33. Kh2 a6 34. Rg1 Qf6 35. Rg5 Rf8 36. Rf1 Qe7 37. Re5 Qc7 38. Rg1 Rf6 39. Rgg5 Rhf8 40. f5 Rxf5 41. Rxf5 Rxf5 42. Qg3 Rxe5 43.
dxe5 Qc2+ 44. Kh1 Qc1+ 45. Kh2 Qd2+ 46. Kh1 e3 47. Qg8+ Ka7 48. Qf8 Qc1+ 0-1

[Event "*** Titled Tuesday Blitz"]
[Site "Chess.com"]
[Date "2020.05.19"]
[Round "2"]
[White "Akhayan"]
[Black "DariaVoit"]
[Result "1-0"]
[WhiteElo "2302"]
[BlackElo "2495"]
[TimeControl "180+1"]
[EndTime "12:18:25 PDT"]
[Termination "Akhayan won by resignation"]

1. d4 Nf6 2. Nf3 e6 3. g3 b6 4. Bg2 Bb7 5. O-O Be7 6. c4 O-O 7. Nc3 Ne4 8. Qc2 Nxc3 9. bxc3 f5 10. d5 Bf6 11. Nd4 Qe7 12. e4 fxe4 13. Bxe4 Bxd4 14. Bxh7+ Kh8 15. cxd4 exd5 16. Qg6 Qf7 17. Qxf7 Rxf7 18.
Bg6 Rf6 19. Bd3 Nc6 20. Be3 Nb4 21. Be2 Re8 22. Rfc1 dxc4 23. Bxc4 Be4 24. Bb3 c6 25.
Rc3 Bd5 26. a3 Bxb3 27. axb4 Be6 28. Rxa7 Rf5 29. Ra1 Rb5 30. Rb1 Ra8 31. Bf4 Ra4 32.
Bd6 Rd5 33. Be5 Rb5 34. Bd6 Kh7 35. Re3 Bf5 36. Rbe1 Rd5 37. Bf8 Rxd4 38. Re7 Rg4 39. h3 Rg6 40. g4 Be6 41. f4 Kg8 42. Re8 Kf7 43. Rb8 b5 44. Bd6 Rh6 45. f5 Kf6 46. fxe6 1-0

[Event "*** Titled Tuesday Blitz"]
[Site "Chess.com"]
[Date "2020.05.19"]
[Round "2"]
[White "Oleksandr_Bortnyk"]
[Black "Chess_Boxer123"]
[Result "1-0"]
[WhiteElo "2994"]
[BlackElo "2571"]
[TimeControl "180+1"]
[EndTime "12:18:26 PDT"]
[Termination "Oleksandr_Bortnyk won by resignation"]

1. e4 c5 2. Be2 g6 3. f4 Bg7 4.
Nf3 Nc6 5. d3 e6 6. O-O d5 7. c3 Nge7 8. Be3 b6 9. e5 O-O 10. d4 Nf5 11. Bf2 cxd4 12. cxd4 h5 13. Nc3 Bb7 14. Bd3 Nce7 15. h3 Nh6 16. Ng5 Nc6 17.
g4 hxg4 18. hxg4 Qe7 19. Re1 a6 20. Qf3 b5 21. a3 Rae8 22. Qh3 f5 23. gxf5 gxf5 24.
Ne2 Nd8 25. Bh4 Qd7 26. Ng3 Ndf7 27. Nh5 Nxg5 28. Bxg5 Ng4 29. Kg2 Qf7 30. Rh1 Qg6 31. Kf3 Rc8 32. Ke2 Qh7 33. Qxg4 fxg4 34. Bxh7+ Kxh7 35. Nxg7+ Kxg7 36. Bh6+ Kg6 37. Bxf8 Rxf8 38. Ke3 Rc8 39.
Rag1 1-0